 Dungeon Crawl Stone Soup version 0.32-a0-931-g5a2cda0630 (webtiles) character file.

Game seed: 290918383984208553

106 Biggs the Sneak (level 4, -1/23 HPs)
             Began as a Vine Stalker Brigand on Apr 14, 2024.
             Slain by a centaur (2 damage)
             ... on level 4 of the Dungeon.
             The game lasted 00:04:07 (909 turns).

Biggs the Sneak (Vine Stalker Brigand)               Turns: 909, Time: 00:04:07

Health: -1/23      AC:  3    Str: 14    XL:     4   Next: 84%
Magic:  0/5        EV: 10    Int: 11    God:
Gold:   100        SH:  0    Dex: 17    Spells: 3/3 levels left

rFire   . . .        a - +2 dagger
rCold   . . .        (no shield)
rNeg    . . .        b - +0 robe
rPois   .            (no helmet)
rElec   .            c - +0 cloak
rCorr   .            (no gloves)
SInv    .            (no boots)
Will    .....        l - amulet of the acrobat
Stlth   +++          (no ring)
HPRegen 1.03/turn    (no ring)
MPRegen 0.09/turn

%: acrobat, guardian spirit
@: no status effects
A: fangs 2, regeneration 1, magic shield, antimagic bite, no potion heal 2
a: no special abilities


You were on level 4 of the Dungeon.
You visited 1 branch of the dungeon, and saw 4 of its levels.

You collected 100 gold pieces.

Inventory:

Hand Weapons
 a - a +2 dagger (weapon)
Missiles
 d - 9 poisoned darts (quivered)
 e - 3 curare-tipped darts
Armour
 b - a +0 robe (worn)
 c - a +0 cloak (worn)
Jewellery
 l - an amulet of the acrobat (around neck)
Scrolls
 g - 3 scrolls of silence {unknown}
 h - 2 scrolls of teleportation {unknown}
 i - a scroll of amnesia {unknown}
 j - 2 scrolls of noise {unknown}
 n - a scroll of torment {unknown}
 o - a scroll of enchant armour {unknown}
Potions
 f - a potion of curing {unknown}
 k - a potion of enlightenment {unknown}
 m - a potion of mutation {unknown}
 p - a potion of brilliance {unknown}
 q - a potion of degeneration {unknown}


   Skills:
 - Level 1.7 Fighting
 + Level 4.4 Short Blades
 - Level 1.7 Throwing
 - Level 0.7 Dodging
 - Level 4.8 Stealth


You had 3 spell levels left.
You didn't know any spells.
Your spell library was empty.

Dungeon Overview and Level Annotations

Branches:
Dungeon (4/15)
 Temple: D:4-7

Altars:
Uskayaw


Innate Abilities, Weirdness & Mutations

You have extremely sharp teeth.
Your natural rate of healing is unusually fast.
When hurt, damage is shared between your health and your magic reserves.
Your bite disrupts and absorbs the magic of your enemies.
Potions cannot restore your health.


Message History

The centaur kicks you.
* * * LOW HITPOINT WARNING * * *
Unknown command.
You hit the centaur. You bite the centaur. You drain its power.
You feel invigorated.
The centaur is heavily wounded.
The centaur hits you.
The centaur kicks you but does no damage.
Unknown command.
You hit the centaur. You bite the centaur. You drain its power.
You feel invigorated.
The centaur is almost dead.
The centaur hits you.
* * * LOW HITPOINT WARNING * * *
The centaur misses you.
Unknown command.
Unknown command.
You hit the centaur. You bite the centaur, but do no damage.
The centaur is almost dead.
The centaur closely misses you. x2
Unknown command.
Unknown command.
You hit the centaur.
The centaur is almost dead.
The centaur hits you but does no damage.
The centaur kicks you but does no damage.
Unknown command.
Unknown command.
You hit the centaur.
The centaur is almost dead.
The centaur hits you but does no damage.
The centaur kicks you.
* * * LOW HITPOINT WARNING * * *
Unknown command.
Unknown command.
Unknown command.
You barely miss the centaur. You bite the centaur, but do no damage.
The centaur is almost dead.
The centaur closely misses you. The centaur kicks you.
You die...

+###..#### #...c..#
...#..... +...#..#
...+....######...# ..#
...#...<.........# J..
...###..#####.#+## ...
.........####.#.####....
.............(..........
.....###.####.#c###########
.....# #.# #.#.@..........
.....# #.. #.#############
.....# ###. ... .....#
##... .....# ##... .....#
#... .....# .....#


You could see a centaur.

Vanquished Creatures
  Natasha (twice) (D:4)
  2 adders (D:2)
  A ribbon worm (D:2)
  3 endoplasms
  A giant cockroach (D:2)
  4 hobgoblins
  3 jackals (D:2)
  5 ball pythons
  5 bats
  3 frilled lizards
  2 goblins
  3 kobolds
  5 rats
39 creatures vanquished.

Notes
Turn   | Place    | Note
-------+----------+-------------------------------------------
     0 | D:1      | Biggs the Vine Stalker Brigand began the quest for the Orb.
     0 | D:1      | Reached XP level 1. HP: 11/11 MP: 2/2
   100 | D:1      | Reached XP level 2. HP: 12/15 MP: 3/3
   501 | D:2      | Reached XP level 3. HP: 13/18 MP: 4/4
   718 | D:3      | Found a hide-covered altar of Uskayaw.
   758 | D:3      | Reached XP level 4. HP: 23/23 MP: 5/5
   841 | D:4      | Noticed Natasha
   852 | D:4      | Killed Natasha
   871 | D:4      | Noticed Natasha
   881 | D:4      | Killed Natasha
   884 | D:4      | Noticed a centaur
   885 | D:4      | Noticed a centaur
   903 | D:4      | HP: 1/23 [centaur (1)]
   908 | D:4      | HP: 1/23 [centaur (3)]
   909 | D:4      | Slain by a centaur

Illustrated notes

Levels and vault maps discovered:
D:1:      eino_arrival_druids_welcome, layout_basic, serial_shops,
          nicolae_shop_waterfront, chequers_serial_rivers_small_3,
          minmay_hedge_maze, corexii_item_surrounded_by_moat
D:2:      minmay_general_purpose_star, layout_loops_corners
D:3:      layout_basic, mainiacjoe_overflow_catch_the_wave,
          minmay_misc_feat_square, uniq_crazy_yiuf_cottage
D:4:      layout_basic, minmay_manual_mares, uniq_menkaure, uniq_natasha

Skill      XL: |  1  2  3  4 |
---------------+-------------+-----
Short Blades   | 2 3 4 |  4.4
Fighting       | |  1.7
Throwing       | |  1.7
Dodging        | |  0.7
Stealth        | |  4.8

Action                     |  1- 3 |  4- 6 || total
---------------------------+-------+-------++-------
  Melee: Dagger            |   115 |    21 ||   136
         Bite              |    25 |    10 ||    35
   Stab: Sleeping          |     4 |       ||     4
 Armour: Robe              |    78 |    21 ||    99
  Dodge: Dodged            |    96 |    20 ||   116

Table legend: (Time is in decaauts)
 A = Elapsed time spent in this place.
 B = Non-inter-level travel time spent in this place.
 C = Inter-level travel time spent in this place.
 D = Time resting spent in this place.
 E = Time spent auto-exploring this place.
 F = Levels seen in this place.
 G = Mean time per level.
                   A        B        C        D        E       F      G
               +--------+--------+--------+--------+--------+-----+--------+
         Total |    886 |    886 |      0 |      0 |      0 |   4 |  221.5 |
       Dungeon |    886 |    886 |      0 |      0 |      0 |   4 |  221.5 |
               +--------+--------+--------+--------+--------+-----+--------+

Top non-repeatable levels by time:
     D:2: 510 daAuts
     D:1: 166 daAuts
     D:3: 145 daAuts
     D:4: 63 daAuts
